 Dungeon Crawl Stone Soup version 0.25-a0-482-g9b3b753f3f (webtiles) character file.

Game seed: 14363676840785315888, levelgen mode: deterministic

599275 Baz the Phalangite (level 25, -14/233 HPs)
             Began as a Demigod Wanderer on Feb 9, 2020.
             Killed from afar by a storm dragon (26 damage)
             ... with a bolt of lightning
             ... on level 3 of the Realm of Zot on Feb 10, 2020.
             The game lasted 03:37:13 (84815 turns).

Baz the Phalangite (Demigod Wanderer)              Turns: 84815, Time: 03:37:13

Health: -14/233    AC: 43    Str: 29    XL:     25   Next: 16%
Magic:  0/45       EV: 24    Int: 19    God:
Gold:   6157       SH:  0    Dex: 24    Spells: 22/24 levels left

rFire    + . .     SeeInvis +   w - +8 bardiche (protect)
rCold    + . .     Gourm    .   (shield currently unavailable)
rNeg     + . .     Faith    .   V - +12 gold dragon scales
rPois    +         Spirit   +   X - +2 hat {MR+}
rElec    .         Reflect  .   a - scarf {Spirit}
rCorr    .         Harm     .   D - +0 pair of gloves
MR       +++++     Clarity  +   b - +1 pair of boots "Wues" {Regen+ MP+9}
Stlth    ..........             O - amulet of the Four Winds {rN+ MR+++ Clar}
HPRegen  0.88/turn              H - ring "Udyeh" {Str+4 Int+4 SInv}
MPRegen  0.29/turn              N - ring "Okoxua" {EV+4 Str+4}

@: about to teleport, studying Armour, lightly drained
A: molten scales 1, clumsy 1, high mp 1, magic resistance 1
}: 3/15 runes: decaying, silver, gossamer
a: no special abilities


You were on level 3 of the Realm of Zot.
You were very hungry.

You visited 10 branches of the dungeon, and saw 50 of its levels.
You also visited: Gauntlet and Volcano.

You collected 9784 gold pieces.
You spent 3627 gold pieces at shops.

Inventory:

Hand Weapons
 w - a +8 bardiche of protection (weapon)
Missiles
 t - 2 throwing nets (quivered)
Armour
 a - a scarf of spirit shield (worn)
 b - the +1 pair of boots "Wues" (worn) {Regen+ MP+9}
   (You found it on level 8 of the Dungeon)

   It affects your magic capacity (+9).
   It increases your rate of regeneration.
   If you remove this armour, your AC will decrease by 2 (43 -> 41).
 D - a +0 pair of gloves (worn)
 K - the +0 crystal plate armour of Uskayaw's Envy {rC+++ Str+5 Int-5}
   (You found it on level 14 of the Dungeon)

   It affects your strength (+5).
   It affects your intelligence (-5).
   It renders you almost immune to cold.
   If you switch to wearing this armour, your AC will decrease by 8 (43 -> 35).
 V - +12 gold dragon scales (worn)
 X - a +2 hat of magic resistance (worn)
Jewellery
 q - the amulet of Vitality {Regen+ HP+15}
   (You bought it in a shop on level 2 of the Orcish Mines)

   [amulet of regeneration]

   It affects your health (+15).
   It increases your rate of regeneration.
 y - an uncursed ring of resist corrosion
 B - the amulet of Neuruqul {RegenMP rPois rF+}
   (You took it off an orc knight on level 5 of the Vaults)

   [amulet of magic regeneration]

   It increases your magic regeneration.
   It protects you from fire.
   It protects you from poison.
 H - the ring "Udyeh" (left hand) {Str+4 Int+4 SInv}
   (You took it off a deep elf annihilator on level 3 of the Elven Halls)

   [ring of see invisible]

   It affects your strength (+4).
   It affects your intelligence (+4).
   It lets you see invisible.
 N - the ring "Okoxua" (right hand) {EV+4 Str+4}
   (You found it on level 3 of the Vaults)

   [ring of evasion]

   It affects your evasion (+4).
   It affects your strength (+4).
 O - the amulet of the Four Winds (around neck) {rN+ MR+++ Clar}
   (You found it on level 2 of the Elven Halls)

   [amulet of nothing]

   It protects you from negative energy.
   It affects your resistance to hostile enchantments.
   It protects you against confusion.
Wands
 g - a wand of acid (24)
 r - a wand of scattershot (13)
 s - a wand of paralysis (7)
 x - a wand of digging (7)
 G - a wand of iceblast (52)
 L - a wand of disintegration (41)
 R - a wand of clouds (10)
 T - a wand of polymorph (8)
Scrolls
 d - 14 scrolls of teleportation
 h - 2 scrolls of brand weapon
 j - 10 scrolls of fear
 p - 34 scrolls of remove curse
 F - 3 scrolls of enchant armour
 I - 9 scrolls of identify
 M - 6 scrolls of silence
 P - a scroll of blinking
 S - 7 scrolls of fog
 U - 9 scrolls of magic mapping
 Y - 3 scrolls of holy word
 Z - 2 scrolls of summoning
Potions
 c - 7 potions of flight
 i - 5 potions of haste
 l - 9 potions of ambrosia
 m - 9 potions of curing
 o - 8 potions of magic
 v - 4 potions of might
 z - 6 potions of mutation
 A - 6 potions of cancellation
 J - 3 potions of invisibility
 Q - a potion of resistance
Books
 u - a manual of Armour
Miscellaneous
 e - a lightning rod (4/4)
 n - a fan of gales
 C - a phial of floods
 E - a box of beasts
 W - a lamp of fire
Comestibles
 f - 78 rations


   Skills:
 + Level 20.5(20.3) Fighting
 * Level 25.1(24.8) Polearms
 - Level 1.0(0.8) Throwing
 + Level 20.7(20.4) Armour
 + Level 18.2(18.0) Dodging
 - Level 1.7(1.6) Stealth
 - Level 11.7(11.4) Evocations


You had 22 spell levels left.
You knew the following spells:

 Your Spells              Type           Power        Failure   Level  Hunger
a - Blink                 Tloc           N/A          97%         2    ###....

Your spell library contained the following spells:

 Spells                   Type           Power        Failure   Level  Hunger
 Animate Skeleton         Necr           N/A          91%         1    ##.....
 Apportation              Tloc           #.....       91%         1    ##.....
 Beastly Appendage        Tmut           #.....       91%         1    ##.....
 Corona                   Hex            #......      91%         1    ##.....
 Foxfire                  Conj/Fire      #...         91%         1    ##.....
 Infusion                 Chrm           #...         91%         1    ##.....
 Magic Dart               Conj           #...         91%         1    ##.....
 Shock                    Conj/Air       #...         91%         1    ##.....
 Sting                    Tmut/Pois      #...         91%         1    ##.....
 Summon Small Mammal      Summ           #...         91%         1    ##.....
 Call Imp                 Summ           #.......     97%         2    ###....
 Corpse Rot               Necr/Air       N/A          97%         2    ###....
 Poisonous Vapours        Pois/Air       #.....       97%         2    ###....
 Searing Ray              Conj           #.....       97%         2    ###....
 Shroud of Golubria       Chrm/Tloc      #.....       97%         2    ###....
 Slow                     Hex            #.......     97%         2    ###....
 Song of Slaying          Chrm           #.......     97%         2    ###....
 Sticks to Snakes         Tmut           #.......     97%         2    ###....
 Swiftness                Chrm/Air       #.......     97%         2    ###....
 Confusing Touch          Hex            #.......     99%         3    ####...
 Conjure Flame            Conj/Fire      #.......     99%         3    ####...
 Dazzling Flash           Conj/Hex       #.....       99%         3    ####...
 Gell's Gravitas          Tloc           #.........   99%         3    ####...
 Ignite Poison            Fire/Tmut/Pois #.......     99%         3    ####...
 Inner Flame              Hex/Fire       #.......     99%         3    ####...
 Mephitic Cloud           Conj/Pois/Air  #.......     99%         3    ####...
 Ozocubu's Armour         Chrm/Ice       #.......     99%         3    ####...
 Portal Projectile        Hex/Tloc       #.....       99%         3    ####...
 Recall                   Summ/Tloc      N/A          99%         3    ####...
 Spectral Weapon          Hex/Chrm       #.......     99%         3    ####...
 Spider Form              Tmut/Pois      #.........   99%         3    ####...
 Static Discharge         Conj/Air       #.......     99%         3    ####...
 Stone Arrow              Conj/Erth      #.....       99%         3    ####...
 Airstrike                Air            #.........   100%        4    #####..
 Animate Dead             Necr           N/A          100%        4    #####..
 Cause Fear               Hex            #.........   100%        4    #####..
 Fulminant Prism          Conj/Hex       #.........   100%        4    #####..
 Hailstorm                Conj/Ice       #.......     100%        4    #####..
 Ice Form                 Ice/Tmut       #.......     100%        4    #####..
 Iskenderun's Mystic Bla  Conj/Tloc      #.......     100%        4    #####..
 Leda's Liquefaction      Hex/Erth       #.........   100%        4    #####..
 Olgreb's Toxic Radiance  Pois           #.......     100%        4    #####..
 Petrify                  Tmut/Erth      #.......     100%        4    #####..
 Summon Lightning Spire   Summ/Air       #.......     100%        4    #####..
 Blade Hands              Tmut           #.........   100%        5    ######.
 Bolt of Magma            Conj/Fire/Erth #.........   100%        5    ######.
 Borgnjor's Vile Clutch   Necr/Erth      #.........   100%        5    ######.
 Irradiate                Conj/Tmut      #.........   100%        5    ######.
 Iskenderun's Battlesphe  Conj/Chrm      #.......     100%        5    ######.
 Lightning Bolt           Conj/Air       #.........   100%        5    ######.
 Metabolic Englaciation   Hex/Ice        #.........   100%        5    ######.
 Silence                  Hex/Air        #.........   100%        5    ######.
 Summon Forest            Summ/Tloc      #.........   100%        5    ######.
 Yara's Violent Unravell  Hex/Tmut       #.........   100%        5    ######.
 Conjure Ball Lightning   Conj/Air       #.........   100%        6    #######
 Death Channel            Necr           #.........   100%        6    #######
 Deflect Missiles         Chrm/Air       #.........   100%        6    #######
 Eringya's Noxious Bog    Tmut/Pois      #.........   100%        6    #######
 Freezing Cloud           Conj/Ice/Air   #.........   100%        6    #######
 Hydra Form               Tmut           #.........   100%        6    #######
 Iron Shot                Conj/Erth      #.........   100%        6    #######
 Ozocubu's Refrigeration  Ice            #.........   100%        6    #######
 Simulacrum               Ice/Necr       #.........   100%        6    #######
 Statue Form              Tmut/Erth      #........    100%        6    #######
 Dragon Form              Tmut           #.........   100%        7    #######
 Haunt                    Necr/Summ      #.........   100%        7    #######
 Orb of Destruction       Conj           #.........   100%        7    #######
 Spellforged Servitor     Conj/Summ      #.........   100%        7    #######
 Summon Hydra             Summ           #.........   100%        7    #######
 Borgnjor's Revivificati  Necr           #.........   100%        8    #######
 Death's Door             Chrm/Necr      #.........   100%        8    #######
 Discord                  Hex            #.........   100%        8    #######
 Infestation              Necr           #.........   100%        8    #######
 Necromutation            Tmut/Necr      #.........   100%        8    #######
 Dragon's Call            Summ           #.........   100%        9    #######
 Shatter                  Erth           #.........   100%        9    #######


Dungeon Overview and Level Annotations

Branches:
Dungeon (15/15)            Temple (0/1) D:6            Lair (6/6) D:11
  Swamp (4/4) Lair:3       Spider (4/4) Lair:3        Slime (0/5) Lair:5
    Orc (2/2) D:12            Elf (3/3) Orc:2        Vaults (5/5) D:14
  Crypt (3/3) Vaults:2       Tomb (0/3) Crypt:3      Depths (5/5) D:15
    Zot (3/5) Depths:5    Volcano (visited)         Gauntlet (visited)

Shops:
D:7 *   D:8 !   D:12 [   D:15 (   Orc:2 =*[(   Elf:3 !}(:}   Vaults:2 *
Vaults:5 :   Depths:1 =}}

Portals:
Hell: Depths:1 Depths:2 Depths:3 Depths:4 Depths:5
Abyss: Swamp:1 Depths:2 Depths:4
Pandemonium: Depths:3 Depths:4
Ziggurat: Depths:2
Trove: D:11 (give +6 demon whip)

Annotations:
Lair:1 1 exclusion
Swamp:1 2 transporters, hydraslayer's ghost, journeyman SpAK
Spider:1 exclusion: 3 doors
Spider:4 Roxanne
Elf:1 1 runed translucent door, iVAG's ghost, journeyman DsFE
Elf:2 9 runed translucent doors
Depths:2 2 runed translucent doors, exclusion: door


Innate Abilities, Weirdness & Mutations

You have an increased reservoir of magic. (+10% MP)
You are partially covered in molten scales. (AC +2)
You are clumsy. (Dex -2)
You are resistant to hostile enchantments. (MR+)


Message History

The storm dragon tramples you but does no damage.
A black draconian shifter comes into view.
It is wielding a +0 long sword.
Unknown command.
A purple draconian comes into view. It is wielding a +2 war axe of venom.
The storm dragon misses you. The storm dragon barely misses you. x2
A moth of wrath comes into view.
The moth of wrath's fur bristles in rage as it notices you.
The black draconian monk breathes lightning at you.
The bolt of lightning hits the storm dragon.
The storm dragon completely resists.
The bolt of lightning misses you.
Found a wand of flame (8).
Found a stone staircase leading down.
Unknown command.
Unknown command.
The storm dragon breathes lightning at you.
The bolt of lightning hits you!
* * * LOW HITPOINT WARNING * * *
Unknown command.
The storm dragon breathes lightning at you.
The bolt of lightning hits you!!
You die...

*.....#.#,,,* *****
*#...#..,****
#.....#** ***
#.....# *,**
#.....## *,,*
#......# *,,**
#..X...# **,,**
#......## *,,,*
#.@.....####* **,,*
#..%.d......# **,,
#..DD.......# *,,
#........#..#*****,
#....qq..#,..,,,,,,
#.....qy)#*,.,,,,,,
#......d.#**,,,,,,,
#.........>,,******
#..........,,,**


You could see a tentacled monstrosity, a black draconian monk, 2 storm dragons,
a purple draconian, a white draconian, a black draconian shifter, a yellow
draconian scorcher and a moth of wrath.

Vanquished Creatures
  3 ancient liches
  Sojobo (Depths:2)
  Boris (twice) (Vaults:1 Crypt:1)
  Bai Suzhen (Crypt:2)
  Saint Roka (Depths:3)
  A caustic shrike (Depths:3)
  2 bone dragons
  9 golden dragons
  Arachne (Spider:3)
  6 liches
  2 electric golems
  7 tentacled monstrosities
  2 deep elf master archers (Elf:3)
  3 titans (Vaults:5)
  Asterion (Depths:2)
  3 quicksilver dragons
  An ancient champion (Crypt:1)
  A deep elf blademaster (Elf:3)
  5 death cobs
  5 sphinxes
  9 tengu reavers
  Gastronok (Lair:2)
  Frances (Spider:2)
  Kirke (Spider:2)
  Donald (Spider:1)
  2 draconian monks (Zot:1)
  5 shadow dragons
  2 revenants
  8 storm dragons
  12 fire giants
  An orc warlord (Orc:1)
  19 vault wardens
  A draconian shifter (Depths:5)
  A draconian knight (Zot:1)
  5 frost giants
  8 deep elf sorcerers
  A balrug (Zot:1)
  5 deep elf elementalists
  3 draconian scorchers
  3 iron dragons
  3 curse skulls
  3 ghost moths
  8 emperor scorpions
  5 war gargoyles
  18 ironheart preservers
  9 ghouls
  2 draconian stormcallers
  Nessos (D:13)
  17 very ugly things
  25 stone giants
  4 green draconians
  8 vampire knights
  2 entropy weavers
  6 deep elf demonologists
  4 black draconians
  A yellow draconian (shapeshifter) (Zot:1)
  A purple draconian (Zot:1)
  11 deep elf annihilators
  A minotaur (Gauntlet)
  A purple draconian (shapeshifter) (Zot:1)
  2 white draconians (Depths:5)
  A spark wasp (Spider:3)
  13 ettins
  A yellow draconian (Zot:1)
  5 deep elf death magi
  A mummy priest (Crypt:3)
  A quicksilver dragon zombie (Crypt:2)
  A red draconian (shapeshifter) (Zot:1)
  An eidolon (Crypt:3)
  A green death (Depths:3)
  10 fire dragons
  3 red draconians
  9 deep elf high priests
  2 merfolk impalers (Depths:2)
  Josephine (D:14)
  6 jiangshi
  3 crystal guardians
  8 ice dragons
  Fannar (Lair:2)
  8 great orbs of eyes
  13 hydras
  Harold (D:7)
  5 rakshasas
  A quicksilver dragon skeleton (Crypt:3)
  34 vault guards
  16 yaktaur captains
  4 spriggan air magi
  A hydra (shapeshifter) (Vaults:5)
  An alligator snapping turtle (shapeshifter) (Depths:4)
  3 ghost crabs
  24 alligators
  15 centaur warriors
  3 death knights
  16 dancing weapons
  3 shambling mangroves
  7 tengu warriors
  56 two-headed ogres
  4 vampire magi
  A two-headed ogre (shapeshifter) (Vaults:5)
  17 ogre magi
  13 deep troll shamans
  12 deep troll earth magi
  A spriggan berserker (Depths:5)
  5 orc high priests
  A shock serpent (shapeshifter) (Vaults:5)
  4 hell hogs
  22 deep elf knights
  5 shadow wraiths
  15 hell knights
  An unseen horror (shapeshifter) (D:15)
  7 unseen horrors
  6 iron trolls
  2 flayed ghosts (Crypt:3)
  2 anaconda zombies (Crypt:1)
  A fire crab (Volcano)
  2 spriggan druids (Swamp:3)
  48 deep trolls
  4 spectral hydras (Swamp:4)
  18 deep elf archers
  An infernal demonspawn (Depths:3)
  36 skeletal warriors
  22 phantasmal warriors
  4 swamp dragons
  8 glowing orange brains
  A golden dragon skeleton (Crypt:3)
  3 wizards
  3 tengu zombies
  A lindwurm (Lair:6)
  10 necromancers
  12 ironbrand convokers
  4 harpies
  An oklob plant (D:11)
  14 orc knights
  18 orb spiders
  2 stone giant zombies
  An anaconda skeleton (Crypt:1)
  10 orc sorcerers
  21 wolf spiders
  A mana viper (shapeshifter) (Vaults:4)
  A sphinx skeleton (D:15)
  A wolf spider (shapeshifter) (Vaults:3)
  73 deep elf magi
  A salamander (shapeshifter) (Vaults:5)
  An ice statue (Gauntlet)
  40 ugly things
  11 cyclopes
  2 manticores (D:14)
  14 moths of wrath
  8 fire giant skeletons (Crypt:3)
  A wolf spider zombie (Crypt:3)
  3 frost giant skeletons
  Psyche (D:10)
  A stone giant skeleton (Crypt:3)
  An elephant (shapeshifter) (Vaults:5)
  3 guardian serpents (Zot:1)
  2 black mambas (shapeshifter)
  14 vault sentinels
  2 black mambas
  A rust devil (Depths:3)
  4 gargoyles (Crypt:3)
  A guardian serpent (shapeshifter) (Elf:2)
  2 orange demons (Depths:3)
  A torpor snail (shapeshifter) (Depths:4)
  A torpor snail (Lair:6)
  15 spiny frogs
  2 molten gargoyles (Volcano)
  2 minotaur zombies (Gauntlet)
  A spiny frog (shapeshifter) (Depths:4)
  3 human zombies (Vaults:2)
  2 rime drakes (Gauntlet)
  2 komodo dragons (shapeshifter)
  5 kobold demonologists
  Maggie (Lair:2)
  14 demonic crawlers
  7 swamp worm zombies (Swamp:4)
  4 hydra zombies
  2 efreet
  10 freezing wraiths
  A minotaur skeleton (Crypt:1)
  8 komodo dragons
  61 yaktaurs
  6 tengu conjurers
  A silent spectre (D:14)
  A white draconian skeleton (Crypt:2)
  8 harpy zombies (Zot:1)
  24 jumping spiders
  A meliai (shapeshifter) (Depths:2)
  12 tyrant leeches
  A troll (shapeshifter) (Vaults:1)
  3 small abominations
  3 meliai (Spider:3)
  7 trolls
  A jumping spider (shapeshifter) (Vaults:5)
  16 hornets
  A polar bear (shapeshifter) (Elf:1)
  A harpy skeleton (Crypt:2)
  A blink frog (shapeshifter) (Vaults:1)
  A hornet (shapeshifter) (Depths:3)
  9 polar bears
  3 blink frogs (Lair:4)
  45 slime creatures
  2 raiju (Zot:1)
  10 dream sheep
  A fire dragon zombie (Crypt:2)
  An ettin zombie (Vaults:2)
  3 spectral swamp dragons (Swamp:4)
  9 bog bodies
  3 alligator zombies (Swamp:4)
  A stone giant simulacrum (Depths:2)
  24 hippogriffs
  20 spriggans
  11 flying skulls
  5 water elementals
  2 spriggan zombies
  63 redbacks
  17 wraiths
  An ettin skeleton (D:15)
  2 ice dragon zombies
  A satyr skeleton (Crypt:1)
  11 shadows
  6 fire bats
  5 wyverns
  9 fire dragon skeletons
  2 air elementals
  32 tarantellas
  A yak (shapeshifter) (Vaults:1)
  4 hogs (Spider:2)
  A spriggan simulacrum (Depths:2)
  11 vampires
  A basilisk (shapeshifter) (D:15)
  A tarantella (shapeshifter) (Depths:1)
  A wyvern (shapeshifter) (Vaults:5)
  A human (shapeshifter) (Vaults:2)
  62 yaks
  2 hogs (shapeshifter)
  3 fire elementals
  4 hungry ghosts
  Grum (D:10)
  A steam dragon (Volcano)
  5 human simulacra
  A wind drake skeleton (Crypt:2)
  19 insubstantial wisps
  2 wargs
  13 vampire mosquitoes
  A swamp worm (shapeshifter) (Vaults:3)
  A naga (shapeshifter) (Vaults:4)
  An acid dragon (Vaults:1)
  17 swamp worms
  A soldier ant (shapeshifter) (Depths:5)
  8 hell hounds
  A porcupine (Lair:2)
  13 water moccasins
  2 floating eyes
  2 floating eyes (shapeshifter)
  A snapping turtle zombie (Crypt:2)
  A black bear (shapeshifter) (Vaults:5)
  48 orc warriors
  5 necrophages
  2 swamp drakes
  3 ice beasts
  5 sky beasts
  38 wolves
  2 eyes of draining (shapeshifter)
  5 swamp dragon zombies
  11 phantoms
  12 boggarts
  6 black bears
  15 centaurs
  44 ogres
  6 crocodiles
  9 big kobolds
  A salamander zombie (Crypt:2)
  24 bullfrogs
  A yaktaur skeleton (Depths:1)
  An earth elemental (Elf:2)
  A gnoll sergeant (D:9)
  4 scorpions
  A water moccasin zombie (Crypt:2)
  A shapeshifter zombie (Crypt:2)
  A warg zombie (Crypt:2)
  11 killer bees
  9 wights
  5 electric eels
  A howler monkey (D:10)
  8 crimson imps
  A bullfrog zombie (D:13)
  6 lava snakes (Volcano)
  5 jellies
  2 quasits (Depths:3)
  A basilisk zombie (Crypt:1)
  5 centaur zombies
  3 iron imps (Depths:3)
  8 hounds
  24 orc priests
  A porcupine zombie (Crypt:2)
  A bullfrog skeleton (D:8)
  4 centaur skeletons
  4 hell rats (Lair:5)
  3 iguanas
  43 orc wizards
  A troll simulacrum (Crypt:2)
  10 worker ants
  A killer bee zombie (D:4)
  A hound zombie (D:6)
  A worker ant zombie (D:6)
  12 gnolls
  A howler monkey skeleton (D:7)
  A swamp drake zombie (Swamp:4)
  14 adders
  8 shadow imps
  2 ufetubi
  3 oozes
  A worm zombie (Crypt:1)
  2 adder skeletons (D:6)
  2 worms
  2 dart slugs (D:2)
  4 leopard geckos
  108 orcs
  A ball python (D:4)
  5 bats
  7 giant cockroaches
  6 goblins
  6 hobgoblins
  15 jackals
  3 quokkas
  4 frilled lizards
  A goblin zombie (Crypt:1)
  21 kobolds
  A leopard gecko skeleton (D:4)
  A leopard gecko zombie (D:7)
  A quokka skeleton (D:4)
  6 rats
  5 crawling corpses
  A plant (D:11)
2469 creatures vanquished.

Vanquished Creatures (collateral kills)
  A redback (Spider:2)
1 creature vanquished.

Vanquished Creatures (others)
  A very ugly thing (Depths:3)
  A deep elf knight (Elf:2)
  An anaconda zombie (Crypt:2)
  A deep elf archer (Elf:2)
  A moth of wrath (D:14)
  A hornet (Swamp:3)
  A raiju (Zot:1)
  A water elemental (Elf:2)
  A vampire mosquito (Swamp:4)
  An insubstantial wisp (Swamp:4)
  An orc warrior (Vaults:5)
  An orc priest (Orc:2)
  An orc (Elf:2)
  7 fungi
  7 plants
  14 withered plants
41 creatures vanquished.

Grand Total: 2511 creatures vanquished

Notes
Turn   | Place    | Note
-------+----------+-------------------------------------------
     0 | D:1      | Baz the Demigod Wanderer began the quest for the Orb.
     0 | D:1      | Baz set off with the following items: a +0 spear, a +2
                  | scale mail, a scroll of teleportation, a +0 dagger, a
                  | ration
     0 | D:1      | Reached XP level 1. HP: 18/18 MP: 3/3
    52 | D:1      | You fall into a shaft and drop 1 floor!
   354 | D:1      | Reached XP level 2. HP: 25/25 MP: 4/4
   924 | D:2      | Reached skill level 2 in Polearms
   924 | D:2      | Reached XP level 3. HP: 23/31 MP: 5/5
  1678 | D:2      | Reached XP level 4. HP: 32/38 MP: 6/6
  2456 | D:3      | Found a shimmering altar of Xom.
  2546 | D:3      | Reached skill level 3 in Polearms
  2899 | D:3      | Found a stormy altar of Qazlal.
  2962 | D:3      | Reached XP level 5. HP: 45/45 MP: 7/7
  3516 | D:4      | Reached skill level 1 in Evocations
  4490 | D:4      | Reached XP level 6. HP: 46/52 MP: 9/9
  4547 | D:5      | Entered Level 5 of the Dungeon
  4671 | D:5      | Reached skill level 4 in Polearms
  5285 | D:5      | Found a glowing golden altar of the Shining One.
  5329 | D:5      | Found a white marble altar of Elyvilon.
  5708 | D:5      | Found a glowing golden altar of the Shining One.
  5712 | D:5      | Found a white marble altar of Elyvilon.
  5779 | D:5      | Reached XP level 7. HP: 58/59 MP: 11/11
  6836 | D:5      | Reached skill level 5 in Polearms
  7511 | D:6      | Found a staircase to the Ecumenical Temple.
  8104 | D:6      | Reached XP level 8. HP: 46/67 MP: 13/13
  8360 | D:7      | Found a sparkling altar of Nemelex Xobeh.
  8926 | D:7      | Reached skill level 5 in Fighting
  9131 | D:6      | Reached skill level 6 in Polearms
  9503 | D:7      | Noticed Harold
 10982 | D:5      | Reached skill level 5 in Armour
 11208 | D:7      | Killed Harold
 11208 | D:7      | Reached skill level 7 in Polearms
 11208 | D:7      | Reached XP level 9. HP: 20/75 MP: 15/15
 13250 | D:8      | Reached skill level 8 in Polearms
 13250 | D:8      | Reached skill level 5 in Evocations
 13797 | D:7      | Found Etang's Assorted Antiques.
 13805 | D:7      | Bought a wand of scattershot (6) for 252 gold pieces
 13883 | D:7      | Bought a coppery potion for 18 gold pieces
 14032 | D:8      | Found Huir's Distillery.
 14609 | D:8      | Noticed a cyclops
 14919 | D:8      | Got a pair of brightly glowing boots
 14925 | D:8      | Identified the +1 pair of boots "Wues" {Regen+ MP+9} (You
                  | found it on level 8 of the Dungeon)
 15060 | D:8      | Killed a cyclops
 15706 | D:9      | Reached XP level 10. HP: 74/84 MP: 17/17
 15779 | D:9      | Reached skill level 9 in Polearms
 15884 | D:9      | Found a burning altar of Makhleb.
 15884 | D:9      | Found a radiant altar of Vehumet.
 15889 | D:9      | Found a faded altar of an unknown god.
 15891 | D:9      | Found a faded altar of an unknown god.
 15892 | D:9      | Found a glowing silver altar of Zin.
 15994 | D:9      | Noticed a two-headed ogre
 16120 | D:9      | Killed a two-headed ogre
 16743 | D:10     | Entered Level 10 of the Dungeon
 16769 | D:10     | Found a shadowy altar of Dithmenos.
 17138 | D:10     | Reached skill level 10 in Polearms
 17168 | D:10     | Noticed Psyche
 17184 | D:10     | Killed Psyche
 17314 | D:10     | Noticed a two-headed ogre
 17371 | D:10     | Killed a two-headed ogre
 17493 | D:10     | Noticed a two-headed ogre
 17527 | D:10     | Killed a two-headed ogre
 17527 | D:10     | Reached XP level 11. HP: 69/94 MP: 19/19
 17594 | D:10     | Noticed Grum
 17623 | D:10     | Killed Grum
 18361 | D:11     | Reached skill level 11 in Polearms
 18466 | D:11     | Found a staircase to the Lair.
 18638 | D:11     | Found a portal to a secret trove of treasure.
 19070 | Lair:1   | Entered Level 1 of the Lair of Beasts
 19350 | Lair:1   | Found a dark tunnel.
 19372 | Volcano  | Entered a volcano
 19702 | Volcano  | Found a bloodstained altar of Trog.
 19702 | Volcano  | Noticed a hell hog
 19717 | Volcano  | Gained mutation: You are partially covered in molten
                  | scales. (AC +2) [potion of mutation]
 19717 | Volcano  | Gained mutation: You are resistant to hostile enchantments.
                  | (MR+) [potion of mutation]
 19719 | Volcano  | Killed a hell hog
 20043 | Volcano  | Noticed a fire crab
 20051 | Volcano  | Killed a fire crab
 20289 | Lair:1   | Reached XP level 12. HP: 99/103 MP: 21/21
 20451 | Lair:1   | Noticed a six-headed hydra
 20473 | Lair:1   | Killed a two-headed hydra
 20971 | Lair:2   | Noticed Maggie
 21045 | Lair:2   | Killed Maggie
 21045 | Lair:2   | Reached skill level 12 in Polearms
 21295 | Lair:2   | Noticed Fannar
 21326 | Lair:2   | Killed Fannar
 22042 | Lair:2   | Noticed Gastronok
 22096 | Lair:2   | Killed Gastronok
 22633 | Lair:3   | Noticed a five-headed hydra
 22714 | Lair:3   | Found a staircase to the Swamp.
 22974 | Lair:3   | Killed a one-headed hydra
 22974 | Lair:3   | Reached skill level 13 in Polearms
 23115 | Lair:3   | Reached skill level 10 in Fighting
 23203 | Lair:3   | Found a hole to the Spider Nest.
 23774 | Lair:4   | Noticed a five-headed hydra
 23784 | Lair:4   | Killed a one-headed hydra
 23894 | Lair:4   | Noticed a seven-headed hydra
 23903 | Lair:4   | Killed a three-headed hydra
 23903 | Lair:4   | Reached XP level 13. HP: 95/113 MP: 23/23
 24070 | Lair:4   | Reached skill level 5 in Dodging
 25547 | Lair:5   | Learned a level 2 spell: Blink
 25702 | Lair:5   | Found a staircase to the Slime Pits.
 25892 | Lair:6   | Entered Level 6 of the Lair of Beasts
 25915 | Lair:6   | Reached skill level 14 in Polearms
 27412 | Lair:6   | Paralysed by a hornet for 2 turns
 27540 | Lair:6   | Got a twisted longbow
 27541 | Lair:6   | Identified the +6 longbow of Daexod {freeze, rPois rF-
                  | rN+++ Int+6 Dex-3} (You found it on level 6 of the Lair of
                  | Beasts)
 28810 | D:12     | Reached XP level 14. HP: 124/124 MP: 24/24
 28993 | D:12     | Found Zewk's Armour Boutique.
 29287 | D:12     | Reached skill level 15 in Polearms
 29394 | D:12     | Found a staircase to the Orcish Mines.
 29699 | Orc:1    | Entered Level 1 of the Orcish Mines
 29699 | Orc:1    | Found a roughly hewn altar of Beogh.
 29908 | Orc:1    | You fall into a shaft and drop 1 floor!
 29908 | Orc:2    | Entered Level 2 of the Orcish Mines
 29998 | Orc:2    | Found a staircase to the Elven Halls.
 30456 | Orc:2    | Noticed Erolcha
 30459 | Orc:2    | Noticed Erolcha
 30459 | Orc:2    | Erolcha changed into Erolcha the hornet
 30463 | Orc:2    | Paralysed by Erolcha for 3 turns
 30470 | Orc:2    | Killed Erolcha the hornet
 31145 | Orc:2    | Noticed an orc warlord
 32026 | Orc:2    | Found Dis Vul's Antique Armour Emporium.
 32027 | Orc:2    | Found Tasmytuy's Antique Weapon Shoppe.
 32028 | Orc:2    | Found Xufigg's General Store.
 32028 | Orc:2    | Found Juxkasown's Jewellery Emporium.
 32053 | Orc:2    | Bought the amulet of Vitality {Regen+ HP+15} for 869 gold
                  | pieces
 32053 | Orc:2    | Found the amulet of Vitality {Regen+ HP+15}
 32054 | Orc:2    | Bought a potion of curing for 42 gold pieces
 32054 | Orc:2    | Bought 2 potions of might for 112 gold pieces
 32054 | Orc:2    | Bought a scroll of teleportation for 42 gold pieces
 32054 | Orc:2    | Bought 2 scrolls of teleportation for 84 gold pieces
 32364 | Orc:1    | Killed an orc warlord
 32580 | D:13     | Found a gate leading to a gauntlet.
 32600 | Gauntlet | Entered a Gauntlet
 32600 | Gauntlet | Found a transporter.
 32600 | Gauntlet | Found a transporter.
 32600 | Gauntlet | Found a transporter.
 32600 | Gauntlet | Found the +2 cloak of the Thief {+Fog Slay-2 SInv Stlth+}
 32609 | Gauntlet | Found a transporter.
 32619 | Gauntlet | Found a transporter.
 32634 | Gauntlet | Found a transporter.
 32653 | Gauntlet | Found a transporter.
 32664 | Gauntlet | Found a transporter.
 32673 | Gauntlet | Found a transporter.
 32698 | Gauntlet | Found a transporter.
 32735 | Gauntlet | Found a transporter.
 32786 | Gauntlet | Found a transporter.
 33219 | Gauntlet | Identified the +6 shortbow of Stickiness {venom, rN+ Str+2}
 33434 | D:13     | Reached skill level 16 in Polearms
 33887 | D:13     | Found the ring of the Octopus King
 33888 | D:13     | Got a ring of the Octopus King
 33922 | D:13     | Identified a ring of the Octopus King {MP+9 AC+1 EV+1 Str+1
                  | Int+1 Dex+1} (You found it on level 13 of the Dungeon)
 34297 | D:13     | Noticed Nessos
 34318 | D:13     | Killed Nessos
 34562 | D:14     | Noticed Josephine
 34568 | D:14     | Killed Josephine
 34582 | D:14     | Reached XP level 15. HP: 134/134 MP: 25/25
 34917 | D:14     | Reached skill level 10 in Armour
 35281 | D:14     | Found an opulent altar of Gozag.
 35439 | D:14     | Found a transporter.
 35630 | D:14     | Found a gate to the Vaults.
 35687 | D:14     | Found a bloodstained altar of Trog.
 35688 | D:14     | Found the +8 Wrath of Trog {antimagic, *Rage}
 35770 | D:14     | Found a transporter.
 35895 | D:15     | Entered Level 15 of the Dungeon
 36245 | D:15     | Reached skill level 17 in Polearms
 36293 | D:15     | Found a staircase to the Depths.
 36636 | D:15     | Found Hexacuv's Antique Weapon Shoppe.
 37457 | Swamp:1  | Entered Level 1 of the Swamp
 37676 | Swamp:1  | Identified the +3 lajatang "Gopratt" {distort, rElec}
 37679 | Swamp:1  | Noticed hydraslayer's ghost (journeyman SpAK)
 37680 | Swamp:1  | Noticed a tentacled starspawn
 37681 | Swamp:1  | Noticed a tentacled starspawn
 37682 | Swamp:1  | Noticed a tentacled starspawn
 37683 | Swamp:1  | Found a one-way gate to the infinite horrors of the Abyss.
 37719 | Swamp:1  | Found a transporter.
 37725 | Swamp:1  | Found a transporter.
 38139 | Swamp:1  | HP: 7/150 [six-headed hydra (8)]
 39354 | Swamp:1  | Reached XP level 16. HP: 144/144 MP: 26/26
 39844 | Swamp:2  | Reached skill level 18 in Polearms
 40478 | Swamp:3  | HP: 5/160 [shambling mangrove (13)]
 41417 | Swamp:4  | Entered Level 4 of the Swamp
 43090 | Spider:1 | Entered Level 1 of the Spider Nest
 43180 | Spider:1 | Noticed Donald
 43196 | Spider:1 | Killed Donald
 43795 | Spider:1 | You fall into a shaft and drop 1 floor!
 45101 | Swamp:4  | Noticed a bone dragon
 45127 | Swamp:4  | Killed a bone dragon
 45244 | Swamp:4  | Got a decaying rune of Zot
 46032 | D:14     | Found a runed translucent door.
 46342 | D:14     | Got a jet-encrusted crystal plate armour
 46360 | D:14     | Got a dazzling broad axe
 46449 | D:14     | Identified the cursed +0 crystal plate armour of Uskayaw's
                  | Envy {rC+++ Str+5 Int-5} (You found it on level 14 of the
                  | Dungeon)
 46455 | D:14     | Upgraded the game from 0.25-a0-479-g8579842fd4 to
                  | 0.25-a0-482-g9b3b753f3f
 46496 | Vaults:1 | Entered Level 1 of the Vaults
 46523 | Vaults:1 | Reached XP level 17. HP: 154/154 MP: 28/28
 46744 | Vaults:1 | Reached skill level 10 in Evocations
 47563 | Vaults:1 | Reached skill level 10 in Dodging
 48125 | Vaults:1 | Found the +2 pair of boots of the Assassin {Detection Stab+
                  | Stlth++}
 48414 | Vaults:2 | Reached skill level 19 in Polearms
 48429 | Vaults:2 | Found a staircase to the Crypt.
 48459 | Vaults:1 | Reached skill level 15 in Fighting
 48877 | Vaults:2 | You fall into a shaft and drop 2 floors!
 49423 | Vaults:3 | Reached XP level 18. HP: 151/163 MP: 30/30
 49953 | Vaults:2 | Noticed Boris
 50159 | Vaults:1 | Killed Boris
 52478 | Vaults:2 | Found Cuxkaget's Assorted Antiques.
 53078 | Vaults:3 | Got a crude turquoise ring
 53300 | Vaults:3 | Noticed a tentacled monstrosity
 53488 | Vaults:3 | Reached XP level 19. HP: 169/172 MP: 31/31
 53574 | Vaults:3 | Identified the +7 short sword of Brawling {holy, rF++ rC+
                  | Str+3}
 54866 | Vaults:4 | Reached skill level 20 in Polearms
 55436 | Vaults:4 | Reached skill level 15 in Armour
 56032 | Vaults:4 | Identified the ring "Okoxua" {EV+4 Str+4} (You found it on
                  | level 3 of the Vaults)
 56286 | Vaults:5 | Entered Level 5 of the Vaults
 56715 | Spider:2 | Noticed Frances
 56973 | Spider:2 | Noticed Kirke
 56996 | Spider:2 | Killed Kirke
 57054 | Spider:2 | Killed Frances
 58563 | Spider:4 | Entered Level 4 of the Spider Nest
 59120 | Spider:4 | Noticed Arachne
 59163 | Spider:3 | Killed Arachne
 59489 | Spider:4 | Noticed Roxanne
 59664 | Spider:4 | Reached XP level 20. HP: 169/184 MP: 32/32
 60174 | Spider:4 | Got a gossamer rune of Zot
 60547 | Depths:1 | Entered Level 1 of the Depths
 60550 | Depths:1 | Found Eteovun's Gadget Emporium.
 60552 | Depths:1 | Found Ygo Vuen's Jewellery Shop.
 60553 | Depths:1 | Found Tumanel's Gadget Emporium.
 61686 | Depths:1 | Found a gateway to Hell.
 62495 | Depths:2 | Found a runed translucent door.
 62501 | Depths:2 | Found a runed translucent door.
 62502 | Depths:2 | Noticed a caustic shrike
 62510 | Depths:2 | Noticed Asterion
 62523 | Depths:2 | Killed Asterion
 62725 | Depths:2 | Found a gateway to a ziggurat.
 62829 | Depths:2 | Paralysed by a floating eye for 4 turns
 62839 | Depths:2 | Paralysed by a floating eye for 3 turns
 63222 | Depths:3 | Noticed Saint Roka
 63241 | Depths:3 | Killed Saint Roka
 63631 | Depths:3 | Noticed a golden dragon
 63631 | Depths:3 | Noticed a golden dragon
 63649 | Depths:3 | Killed a golden dragon
 64003 | Depths:2 | Killed a golden dragon
 64159 | Depths:3 | Reached skill level 21 in Polearms
 64159 | Depths:3 | Reached XP level 21. HP: 168/193 MP: 34/34
 64562 | Depths:3 | Noticed Sojobo
 64592 | Depths:2 | Killed Sojobo
 64872 | Depths:3 | Paralysed by a floating eye for 3 turns
 65139 | Depths:3 | Found a one-way gate leading to the halls of Pandemonium.
 65443 | Depths:3 | Noticed a caustic shrike
 65452 | Depths:3 | Killed a caustic shrike
 65867 | Depths:4 | Reached skill level 15 in Dodging
 65962 | Depths:4 | Noticed a caustic shrike
 65962 | Depths:4 | an iron giant changed into a caustic shrike
 65967 | Depths:4 | a caustic shrike changed into a stone giant
 66028 | Depths:4 | Noticed a golden dragon
 66028 | Depths:4 | an iron giant changed into a golden dragon
 66030 | Depths:4 | a golden dragon changed into an iron dragon
 66486 | Depths:4 | Paralysed by a floating eye for 2 turns
 66505 | Depths:4 | Identified a scroll of acquirement
 66964 | Depths:4 | Found a corrupted altar of Lugonu.
 67599 | Depths:5 | Entered Level 5 of the Depths
 68010 | Depths:5 | Found a gate to the Realm of Zot.
 68620 | Depths:5 | Reached XP level 22. HP: 129/203 MP: 25/35
 68643 | Depths:5 | Reached skill level 22 in Polearms
 69420 | Elf:1    | Entered Level 1 of the Elven Halls
 69747 | Elf:1    | Identified Sif Muna's Compendium of Supportive Conjuration
 69801 | Elf:1    | Found a runed translucent door.
 69802 | Elf:1    | Found a shimmering altar of Xom.
 69802 | Elf:1    | Noticed iVAG's ghost (journeyman DsFE)
 70245 | Elf:1    | Found an ancient bone altar of Kikubaaqudgha.
 70743 | Elf:2    | Found a runed translucent gate.
 70743 | Elf:2    | Found a runed translucent gate.
 70752 | Elf:2    | Found a runed translucent gate.
 70926 | Elf:2    | Gained mutation: You are clumsy. (Dex -2) [a neqoxec]
 70929 | Elf:2    | Identified the +1 ring mail of the Storm King {rF+++ Regen+
                  | MP-9 Str-2}
 70944 | Elf:2    | Found a runed translucent gate.
 70944 | Elf:2    | Found a runed translucent gate.
 70944 | Elf:2    | Found a runed translucent gate.
 70944 | Elf:2    | Found a runed translucent gate.
 70944 | Elf:2    | Found a runed translucent gate.
 70946 | Elf:2    | Found a runed translucent gate.
 71127 | Elf:2    | Found the amulet of the Four Winds {rN+ MR+++ Clar}
 71361 | Elf:3    | Entered Level 3 of the Elven Halls
 71547 | Elf:3    | Found Agotagit's One-of-a-Kind Books.
 71613 | Elf:3    | Found Tonoirgh's Distillery.
 71616 | Elf:3    | Found Beisoir's Antique Weapon Shop.
 71616 | Elf:3    | Found Hyzoalui's Gadget Boutique.
 71620 | Elf:3    | Found Jausm's Gadget Shop.
 72623 | Elf:3    | Identified the cursed +0 war axe of the Stork {holy,
                  | *Corrode Int+7 Stlth+}
 72626 | Elf:3    | Identified the ring "Udyeh" {Str+4 Int+4 SInv}
 72699 | Elf:3    | Identified the +12 dagger of Income {venom, rC+}
 73017 | Elf:3    | Identified Sif Muna's Handbook of the Freezing Birds
 73875 | Vaults:4 | Reached XP level 23. HP: 213/213 MP: 36/36
 73942 | Vaults:4 | Reached skill level 23 in Polearms
 74334 | Vaults:5 | Identified the amulet of Neuruqul {RegenMP rPois rF+}
 74349 | Vaults:5 | Identified the +6 mace of Uskayaw's Supremacy {venom, rF+
                  | MR+}
 74617 | Vaults:5 | Identified the Collected Works on Ensnaring Shape Shifting
 75060 | Vaults:5 | Noticed an ancient lich
 75084 | Vaults:5 | Killed an ancient lich
 75096 | Vaults:5 | Found Puniomumepn's Book Boutique.
 75124 | Vaults:5 | Bought a manual of Armour for 2208 gold pieces
 75803 | Vaults:5 | Noticed an ancient lich
 75833 | Vaults:5 | Killed an ancient lich
 75873 | Vaults:5 | Got a silver rune of Zot
 76924 | Crypt:1  | Entered Level 1 of the Crypt
 76933 | Crypt:1  | Found an ancient bone altar of Kikubaaqudgha.
 76987 | Crypt:1  | Noticed Boris
 76995 | Crypt:1  | Killed Boris
 77222 | Crypt:1  | Reached XP level 24. HP: 223/223 MP: 36/36
 77328 | Crypt:1  | Reached skill level 24 in Polearms
 77504 | Crypt:1  | Identified the +4 chain mail of the Locust {rF+ MP+9} (You
                  | found it on level 1 of the Crypt)
 78024 | Crypt:2  | Noticed Bai Suzhen
 78056 | Crypt:2  | Killed Bai Suzhen
 78682 | Crypt:3  | Entered Level 3 of the Crypt
 79834 | Crypt:3  | Found the +6 Majin-Bo {vamp, Archmagi MP+6 Int+6}
 80367 | Crypt:3  | Found a staircase to the Tomb.
 80369 | Crypt:3  | Noticed an ancient lich
 80380 | Crypt:3  | Killed an ancient lich
 80980 | Zot:1    | Entered Level 1 of the Realm of Zot
 83614 | Zot:2    | Reached XP level 25. HP: 219/233 MP: 36/36
 84050 | Zot:2    | Reached skill level 25 in Polearms
 84081 | Zot:2    | You fall into a shaft and drop 1 floor!
 84814 | Zot:3    | HP: 11/233 [storm dragon/bolt of lightning (12)]
 84815 | Zot:3    | Killed from afar by a storm dragon

Levels and vault maps discovered:
D:1:      roderic_chinese_lattice_arrival, layout_rooms
D:2:      layout_basic, first_ration
D:3:      layout_basic, lemuel_round_altar, xom_butterflies
D:4:      layout_rooms
D:5:      layout_cave_pools, minitemple, st_stairs_8
D:6:      layout_loops_ring, minmay_temple_entry_hall
D:7:      layout_basic, nemelex_xobeh_ov_fountains_minmay, serial_shops, shop,
          uniq_harold
D:8:      minmay_ornate_pinched, layout_basic, serial_shops, shop
D:9:      layout_long_grid, chequers_temple_overflow_minitemple, the_bakery
D:10:     layout_roguey, serial_curves, eino_curves_01, eino_curves_01,
          chequers_serial_rivers_micro_e, minmay_holes, grunt_dithmenos_shadows,
          uniq_psyche, uniq_grum
D:11:     layout_rooms, dpeg_oklobed_lair, enter_trove_1
D:12:     layout_grid_maze, orc_0_dummy, serial_shops, shop
D:13:     layout_loops_ring, gauntlet_entry_generic, minmay_the_grid_2x2
          [minmay_the_grid_rooms, minmay_the_grid_eight, minmay_the_grid_slots,
          minmay_the_grid_prize_trominoes], uniq_nessos
D:14:     emtedronai_trogs_sanctum, layout_loops_ring,
          skrybe_vaults_entry_preservation, nicolae_gozag_seed_capital,
          uniq_josephine
D:15:     gammafunk_depths_entry_grave, layout_cave_pools, abandoned_shop,
          serial_shops, nicolae_shop_crystal, minmay_between
Lair:1:   layout_loops_ring, nicolae_volcano_entry_batcave,
          serial_bayou_lagoon_a, serial_bayou_shore_a
Lair:2:   beast_lair_carwin_large_2, layout_regular_city, serial_bayou_pond_e,
          grunt_forest_stairs_clearing, uniq_fannar, uniq_maggie, uniq_gastronok
Lair:3:   layout_cave_pods, swamp_mist, spider_nest_entry_a, lemuel_fruit_tree,
          lemuel_fruit_fields
Lair:4:   layout_layer_cave
Lair:5:   layout_gridlike, dpeg_slime_entry_corner, grunt_megastairs_3
Lair:6:   minmay_lair_end_enchanted_forest, layout_small_grid,
          infiniplex_staircase_pool, grunt_megastairs_1
Swamp:1:  layout_basic_swamp, gammafunk_ghost_abyssal_escape,
          evilmike_swamp_ruin_rubble_2, swamp_pool1
Swamp:2:  layout_falls_marsh, hangedman_swamp_diagram
Swamp:3:  layout_basic_swamp, evilmike_swamp_ruin_house_4
Swamp:4:  swamp_pestilence, layout_basic_swamp, infiniplex_staircase_pool_2
Spider:1: layout_spider_delve, zaba_antful_of_joy, uniq_donald
Spider:2: layout_spider_delve, nicolae_crawler_farm, uniq_kirke, uniq_frances
Spider:3: layout_chambers
Spider:4: grunt_spider_rune_circles, uniq_roxanne, uniq_arachne
Orc:1:    layout_diamond_mine, mines2_david
Orc:2:    st_orc_congregation, layout_diamond_mine, uniq_erolcha
Elf:1:    elf_arrival_002, layout_rooms, basic_altar, ebering_ghost_xom,
          minmay_elf_sorcery, hex_medium
Elf:2:    layout_geoelf_diagonals, orc_legates, uniq_louise
Elf:3:    minmay_elf_hall_curves, layout_loops_cross, nicolae_rare_books,
          minmay_shoptagon
Vaults:1: ontoclasm_vaults_ligature, vaults_standard_mumra_x, v_pattern_1,
          v_misc_27, nicolae_vaults_an_arrangement, v_misc_17,
          vaults_room_fours, grunt_vaults_hallway_long, v_misc_11,
          ontoclasm_vaults_loading_screen, nicolae_vaults_ring_of_whatevers,
          v_misc_13, ontoclasm_vaults_pinch, v_misc_25, v_misc_26,
          nicolae_vaults_little_squares_3, layout_vaults_omnibox
Vaults:2: minmay_crypt_entry_simple_corners, nicolae_vaults_little_squares_2,
          nicolae_vaults_network_s, nicolae_vaults_little_squares_3,
          nicolae_vaults_little_squares_3, nicolae_vaults_little_squares_5,
          vaults_mumra_hex, nicolae_vaults_inception_statues, v_misc_1,
          vaults_room_pools, nicolae_vaults_alarming, vaults_mumra_bighexcomb,
          nicolae_vaults_angled_halls, nicolae_vaults_specimen_jars,
          grunt_vaults_hallway_short, layout_vaults_big_cross, serial_shops,
          shop, uniq_boris
Vaults:3: serial_ice_g, st_quartered_hall, nicolae_vaults_ring_of_whatevers,
          vaults_room_door_ring, layout_vaults_omnigrid
Vaults:4: hangedman_vaults_restitches, hangedman_vaults_cutoff, v_misc_2,
          vaults_room_pools, vaults_mumra_lcd, hangedman_vaults_river_flow,
          nicolae_vaults_windows_and_doors_thing, ontoclasm_vaults_bender,
          st_cross, vaults_room_pool, vaults_dpeg_diagonal,
          nicolae_vaults_little_squares_3, layout_vaults_chaotic_city,
          uniq_margery
Vaults:5
Crypt:1:  layout_chaotic_city, basic_altar
Crypt:2:  layout_chaotic_city, uniq_bai_suzhen
Crypt:3:  quadcrypt_mu
Depths:1: layout_cave_pools, grunt_hell_entry_dis_grunt, serial_bayou_crossing,
          minmay_shop_grove
Depths:2: thingy_vault_2, layout_cave_pools, enter_ziggurat_f, hell_entry,
          abyss_entry_small_statue_room, grunt_ministairs_5, uniq_asterion
Depths:3: minmay_containers, layout_basic, grunt_pan_entry_sceptre,
          pf_dread_powers_of_hell, uniq_sojobo, uniq_saint_roka
Depths:4: minmay_angry_zag, layout_gridlike, pan_entry, abyss_entry_flame_altar,
          pf_coc_iceberg, serial_bayou_pond_d, infiniplex_staircase_diamond,
          serial_bayou_shore_b, serial_bayou_shore_b
Depths:5: grunt_crosshair, layout_basic, grunt_hell_horde, st_stairs_11,
          hex_large
Zot:1:    hangedman_orp_of_zott, layout_gridlike
Zot:2:    lemuel_draconian_sentries, layout_basic
Zot:3:    layout_onion_interference, ebering_ghost_disaster_area,
          hangedman_zot_diagonal_lockstep

Skill      XL: |  1  2  3  4  5  6  7  8  9 10 11 12 13 14 15 16 17 18 19 20 21 22 23 24 25 |
---------------+----------------------------------------------------------------------------+-----
Armour         | 2 3 4 5 6 7 8 9 11 12 13 14 15 16 17 19 20 | 20.7
Fighting       | 3 4 5 6 7 8 10 11 12 13 14 15 16 17 18 19 20 | 20.5
Polearms       | 2 3 4 5 7 8 10 11 13 14 16 17 18 19 20 21 22 23 24 25 | 25.1
Evocations     | 1 2 3 4 5 6 8 9 10 11 | 11.7
Dodging        | 4 7 8 11 13 14 15 16 17 18 | 18.2
Throwing       | |  1.0
Stealth        | |  1.7

Action                   |  1- 3 |  4- 6 |  7- 9 | 10-12 | 13-15 | 16-18 | 19-21 | 22-24 | 25-27 || total
-------------------------+-------+-------+-------+-------+-------+-------+-------+-------+-------++-------
Melee: Spear             |   176 |   420 |   641 |       |       |       |       |       |       ||  1237
       Trident           |       |       |   214 |   599 |       |       |       |       |       ||   813
       Glaive            |       |       |       |   366 |  2050 |  2347 |  1956 |       |       ||  6719
       Bardiche          |       |       |       |       |       |     8 |   610 |  2463 |   106 ||  3187
Throw: Stone             |       |       |     5 |       |       |       |       |       |       ||     5
Evoke: Wand              |       |       |    24 |     2 |     3 |    15 |     7 |     6 |     3 ||    60
       Lightning rod     |       |       |       |       |       |       |     2 |       |       ||     2
  Use: Scroll            |     2 |     5 |     3 |    11 |    18 |    13 |    11 |    12 |    17 ||    92
       Potion            |       |     2 |     3 |     5 |     3 |    12 |     1 |     4 |     1 ||    31
 Stab: Invisible         |       |       |       |     1 |       |       |       |       |       ||     1
       Confused          |       |       |       |       |     1 |       |       |       |       ||     1
       Held in net/web   |       |       |       |       |       |       |     2 |       |       ||     2
       Distracted        |       |       |       |       |       |       |     1 |       |       ||     1
       Petrifying        |       |       |       |       |       |       |       |     2 |       ||     2
       Petrified         |       |       |       |       |       |       |       |     1 |       ||     1
  Eat: Chunk             |     3 |    13 |    18 |    24 |    43 |    32 |    48 |    30 |     2 ||   213
       Ration            |       |       |     4 |     1 |     3 |     5 |     1 |     7 |       ||    21
Armor: Scale mail        |    77 |   149 |   242 |       |       |       |       |       |       ||   468
       Plate armour      |       |       |    84 |   271 |       |     9 |       |       |       ||   364
       Chain mail        |       |       |       |   278 |  1265 |   632 |   429 |       |       ||  2604
       Crystal plate arm |       |       |       |       |       |   607 |  1014 |  1252 |     8 ||  2881
       Gold dragon scale |       |       |       |       |       |       |       |       |    78 ||    78
Dodge: Dodged            |    92 |   172 |   311 |   486 |  1496 |  1407 |  2705 |  2043 |   144 ||  8856

Table legend:
 A = Non-vault XP
 B = Vault XP
 C = Vault XP percentage of total XP
 D = Non-vault monster count
 E = Vault monster count
 F = Vault count percentage of total count
                 A         B        C        D         E       F
            +---------+---------+-------+---------+---------+-------
      Total |  792909 |  603468 |  43.2 |    1615 |     853 |  34.6
            +---------+---------+-------+---------+---------+-------
        D:1 |      28 |       0 |   0.0 |      17 |       0 |   0.0
        D:2 |     119 |       0 |   0.0 |      22 |       0 |   0.0
        D:3 |      88 |       0 |   0.0 |      18 |       0 |   0.0
        D:4 |     309 |       0 |   0.0 |      18 |       0 |   0.0
        D:5 |     640 |      37 |   5.5 |      14 |       1 |   6.7
        D:6 |     578 |       0 |   0.0 |      19 |       0 |   0.0
        D:7 |    1325 |     987 |  42.7 |      31 |       1 |   3.1
        D:8 |     885 |    1719 |  66.0 |      16 |      12 |  42.9
        D:9 |    3425 |     229 |   6.3 |      37 |       1 |   2.6
       D:10 |    3536 |     893 |  20.2 |      27 |       5 |  15.6
       D:11 |    6007 |     580 |   8.8 |      43 |       1 |   2.3
       D:12 |    7032 |       9 |   0.1 |      48 |       3 |   5.9
       D:13 |    5526 |   10070 |  64.6 |      25 |      20 |  44.4
       D:14 |   13048 |   13397 |  50.7 |      29 |      25 |  46.3
       D:15 |   23550 |    6163 |  20.7 |      43 |      13 |  23.2
     Lair:1 |    3248 |     736 |  18.5 |      16 |       4 |  20.0
     Lair:2 |    3011 |    5835 |  66.0 |      10 |      14 |  58.3
     Lair:3 |    6494 |       0 |   0.0 |      29 |       0 |   0.0
     Lair:4 |    7916 |       0 |   0.0 |      33 |       0 |   0.0
     Lair:5 |    4626 |     247 |   5.1 |      22 |       1 |   4.3
     Lair:6 |    8656 |    8785 |  50.4 |      30 |      49 |  62.0
    Swamp:1 |   16483 |       0 |   0.0 |      34 |       0 |   0.0
    Swamp:2 |   25019 |       0 |   0.0 |      49 |       0 |   0.0
    Swamp:3 |   10736 |       0 |   0.0 |      29 |       0 |   0.0
    Swamp:4 |    7012 |   17264 |  71.1 |      30 |      47 |  61.0
   Spider:1 |   11459 |    2021 |  15.0 |      34 |       1 |   2.9
   Spider:2 |   10594 |    7098 |  40.1 |      29 |      13 |  31.0
   Spider:3 |   19464 |    9157 |  32.0 |      53 |       7 |  11.7
   Spider:4 |    6988 |   14045 |  66.8 |      23 |      29 |  55.8
      Orc:1 |    2538 |    1931 |  43.2 |      23 |       8 |  25.8
      Orc:2 |    1270 |   11024 |  89.7 |      13 |      79 |  85.9
      Elf:1 |   13454 |   10149 |  43.0 |      21 |      16 |  43.2
      Elf:2 |   25502 |   16326 |  39.0 |      45 |      31 |  40.8
      Elf:3 |   16120 |   39158 |  70.8 |      26 |      27 |  50.9
   Vaults:1 |   42428 |   34721 |  45.0 |      65 |      50 |  43.5
   Vaults:2 |   44905 |   33295 |  42.6 |      70 |      46 |  39.7
   Vaults:3 |   37056 |   18337 |  33.1 |      56 |      17 |  23.3
   Vaults:4 |   34945 |   49684 |  58.7 |      45 |      51 |  53.1
   Vaults:5 |   30914 |  101915 |  76.7 |      50 |      62 |  55.4
    Crypt:1 |   46808 |       0 |   0.0 |      61 |       0 |   0.0
    Crypt:2 |   15048 |    5672 |  27.4 |      30 |       1 |   3.2
    Crypt:3 |       0 |   54718 | 100.0 |       0 |      75 | 100.0
   Depths:1 |   40569 |       0 |   0.0 |      61 |       0 |   0.0
   Depths:2 |   37386 |   23874 |  39.0 |      41 |       9 |  18.0
   Depths:3 |   22573 |   23835 |  51.4 |      36 |      30 |  45.5
   Depths:4 |   45430 |    5440 |  10.7 |      57 |       5 |   8.1
   Depths:5 |   40993 |   30184 |  42.4 |      40 |      26 |  39.4
      Zot:1 |   39608 |   32202 |  44.8 |      23 |      40 |  63.5
      Zot:2 |   29853 |    1688 |   5.4 |      12 |       1 |   7.7
      Zot:3 |   17707 |       0 |   0.0 |      12 |       0 |   0.0
    Volcano |       0 |    3596 | 100.0 |       0 |      16 | 100.0
   Gauntlet |       0 |    6447 | 100.0 |       0 |      16 | 100.0
            +---------+---------+-------+---------+---------+-------
